 Dungeon Crawl Stone Soup version 0.21-a0-513-gdcb3f5e (webtiles) character file.

7832 Gwenloh the Fighter (level 11, -1/101 HPs)
             Began as a Minotaur Fighter on Dec 1, 2017.
             Was a Believer of Wu Jian.
             Splashed by an oklob plant's acid (10 damage)
             ... on level 1 of the Lair of Beasts on Dec 2, 2017.
             The game lasted 00:47:42 (10762 turns).

Gwenloh the Fighter (Minotaur Fighter)             Turns: 10762, Time: 00:47:43

Health: -1/101     AC: 12    Str: 24    XL:     11   Next: 1%
Magic:  10/10      EV:  6    Int:  5    God:    Wu Jian [**....]
Gold:   451        SH: 12    Dex: 10    Spells: 10/10 levels left

rFire    . . .     SeeInvis .   Q - +4 spear
rCold    . . .     Gourm    .   c - +0 shield
rNeg     . . .     Faith    .   O - +0 plate armour
rPois    .         Spirit   .   P - +2 hat
rElec    .         Reflect  .   S - +1 cloak
rCorr    .         Harm     .   C - +0 pair of gloves
MR       .....                  (no boots)
Stlth    ..........             (no amulet)
HPRegen  0.26/turn              y - ring of flight
MPRegen  0.12/turn              (no ring)

@: corroded
A: retaliatory headbutt, horns 2
a: Renounce Religion, Evoke Flight


You were on level 1 of the Lair of Beasts.
You worshipped Wu Jian.
Wu Jian was pleased with you.
You were very hungry.

You visited 2 branches of the dungeon, and saw 9 of its levels.

You collected 451 gold pieces.

Inventory:

Hand Weapons
 a - a +0 trident
 b - a +0 shortbow
 w - a +0 whip
 Q - a +4 spear (weapon)
Missiles
 l - 185 arrows
 x - 11 tomahawks (quivered)
 A - 34 bolts
Armour
 c - a +0 shield (worn)
 C - a +0 pair of gloves (worn)
 D - a +0 chain mail
 O - a +0 plate armour (worn)
 P - a +2 hat (worn)
 S - a +1 cloak (worn)
Jewellery
 y - a ring of flight (left hand)
Wands
 d - a wand of enslavement (13)
 h - a wand of scattershot (6)
 u - a wand of random effects (20)
 J - a wand of flame (29)
 K - a wand of clouds (7)
Scrolls
 e - 3 scrolls of amnesia {unknown}
 j - 5 scrolls of remove curse {unknown}
 k - 5 scrolls of identify
 n - 2 scrolls of blinking {unknown}
 o - 6 scrolls of teleportation {unknown}
 q - 4 scrolls of enchant armour {unknown}
 r - 3 scrolls of noise {unknown}
 z - 2 scrolls of enchant weapon {unknown}
 F - a scroll of fear {unknown}
 H - 2 scrolls of fog {unknown}
 T - a scroll of brand weapon {unknown}
Potions
 i - 3 potions of brilliance
 p - 3 potions of agility
 s - 2 potions of lignification
 t - a potion of resistance
 v - 6 potions of curing
 B - a potion of invisibility
 E - 2 potions of flight
 I - a potion of magic
 L - a potion of haste {unknown}
 N - a potion of might
Comestibles
 f - 9 bread rations
 m - 5 meat rations
 G - 12 fruits
 M - 5 royal jellies


   Skills:
 + Level 10.8 Fighting
 + Level 10.4 Polearms
 + Level 10.7 Armour
 + Level 10.7 Shields


You had 10 spell levels left.
You didn't know any spells.

Dungeon Overview and Level Annotations

Branches:
Dungeon (8/15)             Temple (0/1) D:6            Lair (1/6) D:8

Altars:
Elyvilon
Gozag
Ru
Wu Jian

Shops:
D:8 (

Annotations:
Lair:1 exclusion: 4 oklob plants


Innate Abilities, Weirdness & Mutations

You reflexively headbutt those who attack you in melee.
You have a pair of horns on your head.


Message History

You see here a flail.
You spin and attack the oklob plant.
You hit the oklob plant but do no damage.
You headbutt the oklob plant!
The oklob plant is heavily damaged.
The oklob plant spits acid at you. The splash of acid hits you!
The acid corrodes you!
You are splashed with acid!
The acid burns!
* * * LOW HITPOINT WARNING * * *
You see here a runed mace.
You spin and attack the oklob plant repeatedly.
You hit the oklob plant but do no damage.
The oklob plant is heavily damaged.
You hit the oklob plant but do no damage.
The oklob plant is heavily damaged.
The oklob plant spits acid at you. The splash of acid hits you!
* * * LOW HITPOINT WARNING * * *
You are splashed with acid!
The acid burns!
You die...

..#.....#####.## #.##
#.#.....P# ######.#
###......#######.#######
.................P$.P?.#
.................P$P.$.#
.................P=.=$P#
.................PP[..}#
#.................))/.$#
##........'#####@#######
.#.......#.......#.#
.#.#...............#
..##.....#.......#.#
..##.....#.......#.#
..##.....#.........#
...#.....#.......#.#
.8.#.....#.........#
.........####.+#...#


You could see 4 oklob plants.

Vanquished Creatures
  A two-headed ogre (D:8)
  A black mamba (D:8)
  2 komodo dragons
  A hippogriff (D:8)
  Prince Ribbit (D:7)
  A yak (D:7)
  3 hungry ghosts
  A human (D:7)
  3 hogs (D:7)
  3 wargs (D:8)
  Duvessa (D:5)
  3 water moccasins
  2 ice beasts (D:7)
  A porcupine (Lair:1)
  4 phantoms
  An orc warrior (D:8)
  A sky beast (D:7)
  2 black bears
  3 ogres
  A centaur (D:8)
  3 crocodiles
  A big kobold (D:8)
  6 bullfrogs
  A gnoll sergeant (D:8)
  Dowan (D:5)
  2 scorpions
  5 wights (D:8)
  An electric eel (Lair:1)
  3 crimson imps
  4 hounds
  A bullfrog skeleton (D:4)
  8 orc priests
  16 orc wizards
  A centaur skeleton (D:5)
  An iguana (D:4)
  7 worker ants
  Natasha (thrice) (D:4)
  Ijyb (D:3)
  A killer bee zombie (D:8)
  A hound skeleton (D:7)
  A howler monkey zombie (D:5)
  5 gnolls (D:8)
  A howler monkey skeleton (D:6)
  10 adders
  2 shadow imps
  3 oozes
  2 adder skeletons
  2 adder zombies
  3 worms
  5 dart slugs
  4 leopard geckos
  34 orcs
  5 bats
  6 giant cockroaches
  6 goblins
  8 hobgoblins
  14 jackals
  11 kobolds
  A quokka (D:2)
  2 ball pythons
  12 frilled lizards
  A giant cockroach zombie (D:5)
  A leopard gecko skeleton (D:4)
  10 rats
252 creatures vanquished.

Vanquished Creatures (others)
  A plant (Lair:1)
1 creature vanquished.

Grand Total: 253 creatures vanquished

Notes
Turn   | Place    | Note
-------+----------+-------------------------------------------
     0 | D:1      | Gwenloh the Minotaur Fighter began the quest for the Orb.
     0 | D:1      | Reached XP level 1. HP: 19/19 MP: 0/0
    85 | D:1      | Reached XP level 2. HP: 20/27 MP: 1/1
   327 | D:1      | Reached XP level 3. HP: 31/33 MP: 2/2
   936 | D:2      | Reached XP level 4. HP: 41/41 MP: 3/3
  1698 | D:3      | Reached XP level 5. HP: 46/47 MP: 4/4
  2326 | D:4      | Noticed Ijyb
  2335 | D:3      | Reached skill level 5 in Fighting
  2335 | D:3      | Reached skill level 5 in Armour
  2335 | D:3      | Reached skill level 5 in Shields
  2471 | D:3      | Killed Ijyb
  2592 | D:4      | Found an opulent altar of Gozag.
  2598 | D:4      | Reached XP level 6. HP: 53/56 MP: 5/5
  3279 | D:4      | Noticed Natasha
  3287 | D:4      | Killed Natasha
  3295 | D:4      | Noticed Natasha
  3301 | D:4      | Reached skill level 5 in Polearms
  3301 | D:4      | Reached XP level 7. HP: 50/62 MP: 6/6
  3304 | D:4      | Killed Natasha
  3310 | D:4      | Noticed Natasha
  3317 | D:4      | Killed Natasha
  3824 | D:5      | Entered Level 5 of the Dungeon
  3901 | D:5      | Noticed Dowan
  3903 | D:5      | Noticed Duvessa
  3922 | D:5      | Killed Duvessa
  3923 | D:5      | Killed Dowan
  4320 | D:5      | Reached XP level 8. HP: 42/71 MP: 7/7
  5860 | D:6      | Found an ornate altar of the Wu Jian Council.
  5876 | D:6      | Became a worshipper of the Wu Jian Council
  5988 | D:6      | Found a staircase to the Ecumenical Temple.
  6051 | D:7      | Noticed Prince Ribbit
  6071 | D:7      | Killed Prince Ribbit
  6083 | D:7      | Found a white marble altar of Elyvilon.
  6097 | D:7      | Reached XP level 9. HP: 70/81 MP: 8/8
  6442 | D:7      | Found a sacrificial altar of Ru.
  6842 | D:7      | Reached * piety under Wu Jian
  6977 | D:8      | Found a sacrificial altar of Ru.
  7162 | D:8      | Found Diusol's Antique Weapon Boutique.
  7249 | D:8      | Reached XP level 10. HP: 87/91 MP: 9/9
  7520 | D:8      | Found a staircase to the Lair.
  7553 | D:8      | Reached ** piety under Wu Jian
  8089 | D:8      | Noticed a two-headed ogre
  8110 | D:8      | Killed a two-headed ogre
  8110 | D:8      | Reached skill level 10 in Fighting
  8110 | D:8      | Reached skill level 10 in Armour
  8110 | D:8      | Reached skill level 10 in Shields
  8590 | Lair:1   | Entered Level 1 of the Lair of Beasts
  8732 | Lair:1   | Reached skill level 10 in Polearms
  9152 | Lair:1   | Noticed an oklob plant
  9152 | Lair:1   | Noticed an oklob plant
  9152 | Lair:1   | Noticed a black mamba
  9152 | Lair:1   | Noticed an oklob plant
  9159 | Lair:1   | Noticed an oklob plant
  9237 | D:8      | Killed a black mamba
  9891 | Lair:1   | Reached XP level 11. HP: 92/101 MP: 10/10
 10762 | Lair:1   | Splashed by an oklob plant's acid

Vault maps used:
D:1:      shiori_shiawase
D:2:      wad_crossroads, first_bread
D:4:      nicolae_gozag_seed_capital, uniq_natasha, uniq_ijyb
D:5:      kennysheep_diamond, uniq_duvessa
D:6:      lemuel_crystal_altar, minmay_temple_entry_enclosed_plants,
          minmay_tree_intersection, hangedman_decor_clover_reticule
D:7:      elyvilon_altar_5, st_stairs_10, grunt_livestock,
          nicolae_ru_path_of_blood, uniq_prince_ribbit1
D:8:      nicolae_overflow_crystal_walls, erik_lair_orcish_takeover,
          serial_shops, shop_statue
Lair:1:   infiniplex_staircase_pool, grunt_megastairs_4, serial_bayou_shore_a,
          lemuel_fruit_tree, lemuel_fruit_fields, minmay_lair_oklob_chamber

Skill      XL: |  1  2  3  4  5  6  7  8  9 10 |
---------------+-------------------------------+-----
Fighting       | 4 5 6 8 9 10 | 10.8
Armour         | 4 5 6 8 9 10 | 10.7
Shields        | 4 5 6 8 9 10 | 10.7
Polearms       | 3 4 5 6 7 9 10 | 10.4

Action                   |  1- 3 |  4- 6 |  7- 9 | 10-12 || total
-------------------------+-------+-------+-------+-------++-------
Melee: Trident           |   134 |   232 |   429 |   173 ||   968
       Headbutt          |    12 |    34 |    68 |    58 ||   172
       Spear             |       |       |       |   129 ||   129
       Shortbow          |       |       |       |     2 ||     2
 Fire: Shortbow          |       |       |       |     9 ||     9
Throw: Tomahawk          |       |       |     3 |     3 ||     6
 Abil: Evoke Flight      |       |       |     1 |       ||     1
Evoke: Wand              |       |       |     2 |       ||     2
  Use: Potion            |       |     1 |     1 |     4 ||     6
       Scroll            |       |       |     8 |       ||     8
  Eat: Chunk             |       |     8 |    14 |    13 ||    35
       Meat ration       |       |       |     1 |       ||     1
       Royal jelly       |       |       |     1 |       ||     1
Armor: Scale mail        |    45 |    66 |    34 |       ||   145
       Chain mail        |       |       |    98 |    21 ||   119
       Plate armour      |       |       |       |    71 ||    71
Dodge: Dodged            |    35 |    43 |    81 |    36 ||   195
Block: Shield            |    57 |   104 |   178 |   122 ||   461

Table legend:
 A = Spawn XP
 B = Non-spawn XP
 C = Spawn XP percentage of total XP
 D = Spawn monster count
 E = Non-spawn monster count
 F = Spawn count percentage of total count
 G = Total turns spent on level
                    A         B        C        D         E        F      G
               +---------+---------+-------+---------+---------+-------+---------
         Total |       0 |   11189 |   0.0 |       0 |     252 |   0.0 | 10762
               +---------+---------+-------+---------+---------+-------+---------
           D:1 |       0 |      52 |   0.0 |       0 |      26 |   0.0 |   655
           D:2 |       0 |     104 |   0.0 |       0 |      35 |   0.0 |   761
           D:3 |       0 |     169 |   0.0 |       0 |      33 |   0.0 |  1085
           D:4 |       0 |     637 |   0.0 |       0 |      29 |   0.0 |  1323
           D:5 |       0 |     990 |   0.0 |       0 |      28 |   0.0 |  1542
           D:6 |       0 |     416 |   0.0 |       0 |       7 |   0.0 |   642
           D:7 |       0 |    2427 |   0.0 |       0 |      30 |   0.0 |   953
           D:8 |       0 |    4717 |   0.0 |       0 |      51 |   0.0 |  2225
        Lair:1 |       0 |    1677 |   0.0 |       0 |      13 |   0.0 |  1576
               +---------+---------+-------+---------+---------+-------+---------
